 Dungeon Crawl Stone Soup version 0.14-a0-882-gdff4d47 (webtiles) character file.

32587 4tharraofdagon the Brawler (level 13, 0/122 HPs)
             Began as a Troll Monk on Nov 17, 2013.
             Was the Champion of Makhleb.
             Slain by a sun demon (11 damage)
             ... on Level 8 of the Lair of Beasts.
             The game lasted 00:50:47 (6795 turns).

4tharraofdagon the Brawler (Troll Monk)             Turns: 6795, Time: 00:50:47

HP   0/122       AC  6     Str 22      XL: 13   Next: 28%
MP  17/17        EV 10     Int 12      God: Makhleb [******]
Gold 639         SH  0     Dex 14      Spells:  2 memorised, 16 levels left

Res.Fire  : . . .   See Invis. : .     - Unarmed
Res.Cold  : . . .   Warding    : .   l - +0 orc robe
Life Prot.: . . .   Conserve   : .   (shield restricted)
Res.Poison: .       Res.Corr.  : .   (helmet restricted)
Res.Elec. : .       Clarity    : .   r - +0 cloak
Sust.Abil.: . .     Spirit.Shd : .   (gloves unavailable)
Res.Mut.  : .       Stasis     : .   (boots unavailable)
Res.Rott. : .       Flight     : .   (no amulet)
Gourmand  : +                        T - ring of Tuhyuz Mot {+Fly Dam+5}
                                     e - +6,+5 ring of slaying

@: somewhat resistant to hostile enchantments, fairly stealthy
A: unfitting armour, claws 3, blurry vision 1, carnivore 2, fast metabolism 3,
gourmand, regeneration 2, saprovore 2, tough skin 2, AC +1, Int +2, Dex +2
a: Minor Destruction, Lesser Servant of Makhleb, Major Destruction, Greater
Servant of Makhleb, Renounce Religion, Evoke Flight


You were on level 8 of the Lair of Beasts.
You worshipped Makhleb.
Makhleb was exalted by your worship.
You were not hungry.

You visited 3 branches of the dungeon, and saw 25 of its levels.
You also visited: Labyrinth.

You collected 962 gold pieces.
You spent 323 gold pieces at shops.

Inventory:

Hand weapons
 M - the +6,+5 bardiche of Amorality {freeze, +Fly rF+ SInv}
   (You found it in a labyrinth)

   It has been specially enchanted to freeze those struck by it, causing extra
   injury to most foes and up to double damage against particularly susceptible
   opponents.
   It can also slow down cold-blooded creatures.
   It protects you from fire.
   It enhances your eyesight.
   It lets you fly.
 Q - the +4,+7 flail of the Undead {venom, rPois, unknown}
   (You found it on level 4 of the Lair of Beasts)

   It poisons the flesh of those it strikes.
   It protects you from poison.
Missiles
 c - 2 exploding darts
 p - 5 large rocks (quivered)
Armour
 l - a +0 orcish robe (worn)
 r - a +0 cloak (worn)
Magical devices
 y - a wand of random effects (8)
 F - a wand of polymorph (17)
 O - a wand of lightning (0)
 W - a wand of digging (24)
Comestibles
 b - 11 meat rations
 f - a snozzcumber
 i - a sausage
 k - a pear
 q - 2 apples
 w - 6 bread rations
 A - an orange
 E - a beef jerky
 G - 7 rambutans
 H - 8 cheeses
 K - a lychee
Scrolls
 d - 2 scrolls of fog {unknown}
 g - 2 scrolls of noise {unknown}
 j - a scroll of immolation
 m - 4 scrolls of teleportation
 o - 2 scrolls of random uselessness
 t - 4 scrolls of remove curse
 C - 2 scrolls of recharging
 X - a scroll of identify
 Z - a scroll of enchant armour
Jewellery
 e - a +6,+5 ring of slaying (left claw)
 v - an uncursed ring of teleportation
 D - an uncursed ring of wizardry
 N - an uncursed ring of protection from cold
 T - the ring of Tuhyuz Mot (right claw) {+Fly Dam+5}
   (You found it in a labyrinth)

   [ring of flight]

   It affects your damage-dealing abilities (+5).
 Y - an uncursed ring of protection from fire
Potions
 u - 4 potions of speed
 x - a potion of resistance
 z - 2 potions of restore abilities
 B - a potion of cure mutation
 I - a potion of might
 J - 6 potions of curing
 L - a potion of degeneration
 P - a potion of poison
 R - 2 potions of brilliance
Books
 a - a book of Enchantments

   Spells                             Type                      Level
   Cause Fear                         Hexes                        4
   Silence                            Hexes/Air                    5
   Tukima's Dance                     Hexes                        5
   Deflect Missiles                   Charms/Air                   6
   Haste                              Charms                       6
   Discord                            Hexes                        8
 n - a book of Minor Magic

   Spells                             Type                      Level
   Magic Dart                         Conjuration                  1
   *Blink                             Translocation                2
   Call Imp                           Summoning                    2
   *Repel Missiles                    Charms/Air                   2
   Slow                               Hexes                        2
   Conjure Flame                      Conjuration/Fire             3
   Mephitic Cloud                     Conjuration/Poison/Air       3
 s - a book of Dreams

   Spells                             Type                      Level
   Ensorcelled Hibernation            Hexes/Ice                    2
   Flight                             Charms/Air                   3
   Phase Shift                        Translocation                5
   Shadow Creatures                   Summoning                    5
   Mass Confusion                     Hexes                        6
   Darkness                           Hexes                        7
 V - a Necronomicon {highlevel}

   This book is beyond your current level of understanding.

   Spells                             Type                      Level
   Haunt                              Necromancy/Summoning         7
   Borgnjor's Revivification          Necromancy                   8
   Death's Door                       Charms/Necromancy            8
   Necromutation                      Transmutation/Necromancy     8
Miscellaneous
 h - a sack of spiders
 S - a plain deck of defence {the Helm}


   Skills:
 + Level 7.9 Fighting
 - Level 2.4 Dodging
 - Level 1.1 Stealth
 * Level 17.3 Unarmed Combat
 - Level 4.0 Spellcasting
 * Level 3.1 Translocations
 - Level 4.2 Invocations
 + Level 4.8 Evocations


You had 16 spell levels left.
You knew the following spells:

 Your Spells              Type           Power        Failure   Level  Hunger
a - Repel Missiles        Chrm/Air       #.........   34%         2    ##.....
b - Blink                 Tloc           N/A          12%         2    ##.....


Dungeon Overview and Level Annotations

Branches:
Dungeon (16/16)            Temple (1/1) D:7            Lair (8/8) D:8
    Orc: D:6-11       Swamp: Lair:3-6    Shoals: Lair:3-6     Snake: Lair:3-6
 Spider: Lair:3-6     Slime: Lair:6-8    Depths: D:16

Altars:
Ashenzari
Cheibriados
Elyvilon
Fedhas
Kikubaaqudgha
Makhleb
Nemelex Xobeh
Okawaru
Sif Muna
Trog
Vehumet
Xom
Yredelemnul
Zin
the Shining One

Shops:
D:4 !?%

Annotations:
D:1 1 exclusion
D:11 exclusion: orange crystal statue
D:12 Erolcha, Nessos


Innate Abilities, Weirdness & Mutations

You are too large for most types of armour.
You have claws for hands.
Your metabolism is lightning-fast.
You like to eat raw meat.
You heal very quickly.
You can eat rotten meat.
You are covered in fur (AC +1).
You have very tough skin (AC +2).
You are agile. (Dex +2)
Your vision is a little blurry.
Your digestive system is highly specialised to digest meat.
Your mind is acute. (Int +2)


Message History

You claw the sun demon!
The sun demon is heavily wounded.
Your orange demon stings the sun demon but does no damage.
Your orange demon hits the sun demon but does no damage.
Unknown command.
Unknown command.
Unknown command.
You closely miss the sun demon.
The sun demon is heavily wounded.
The sun demon hits you!
You are engulfed in flames!
* * * LOW HITPOINT WARNING * * *
Unknown command.
Unknown command.
You claw the sun demon!
The sun demon is severely wounded.
The sun demon hits you!
* * * LOW HITPOINT WARNING * * *
You are engulfed in flames!
One of your 5 scrolls of remove curse catches fire!
You die...

♣♣♣ ...♣ #...8.8..# ♣♣♣♣ ..♣
#..8.8...# .♣♣♣♣.♣♣
#..4848..######### ..♣♣..♣♣
♣♣#..8.8...'........ ..♣..♣♣
♣♣♣♣♣♣#........#...8.... ♣..♣♣♣♣
♣♣♣♣♣♣♣4#########........
♣♣..♣♣♣♣♣♣♣.♣♣)♣♣♣♣♣♣ ######++#
♣♣♣..♣♣♣♣♣....433♣♣♣♣♣ .D..
♣♣♣♣..♣♣♣...♣♣♣4@..♣♣♣♣ ♣....
.♣♣♣♣.♣..♣♣♣♣♣♣♣♣♣...♣♣ ♣♣l.♣♣
...♣...♣♣♣♣♣♣♣♣♣♣♣♣...♣♣ ..♣♣♣♣
♣♣....♣♣♣♣♣ ♣♣♣♣♣..♣♣ ♣♣♣♣♣
♣♣♣..♣♣♣♣ ♣.....♣ ♣♣ ♣♣♣♣.♣♣♣
♣...♣♣ ♣♣♣♣.♣♣ ♣♣♣♣♣♣ ♣.♣♣♣♣♣♣♣♣
♣♣♣.♣♣♣♣♣♣♣♣♣♣♣♣♣♣♣♣♣♣♣♣♣♣♣♣♣♣♣♣♣
♣^..♣♣♣♣♣♣♣♣♣♣..♣♣♣♣♣♣♣♣.....♣♣♣♣


You could see a sun demon, 2 hellwings, a friendly orange demon and a friendly
neqoxec.

Vanquished Creatures
  A minotaur (Lab)
  Erica (Lair:4)
  6 death yaks (Lair:8)
  Urug (D:12)
  4 centaur warriors
  Nergalle (D:16)
  The ghost of Vidiiot the Slicer, an experienced KoAs of Fedhas (D:11)
  A lindwurm (Lair:8)
  A wizard (Lair:8)
  A hill giant (D:15)
  A red wasp (shapeshifter) (D:14)
  7 elephants
  2 griffons
  An orange demon (Lair:8)
  4 hellwings (Lair:8)
  2 fire drakes
  2 spiny frogs
  A hydra zombie (D:14)
  2 trolls
  A red devil (Lair:8)
  A blink frog (Lair:2)
  A hydra skeleton (D:13)
  A griffon zombie (D:14)
  A boulder beetle (Lair:8)
  A basilisk (D:14)
  A griffon skeleton (D:12)
  7 ugly things
  3 wyverns
  Grum (D:13)
  2 wolves (D:12)
  26 yaks
  A manticore (D:11)
  7 hippogriffs
  A wraith (D:13)
  2 vampire mosquitoes (D:15)
  A necrophage (D:11)
  9 orc warriors
  6 porcupines
  4 sky beasts
  7 ogres
  A yellow wasp (D:12)
  2 dwarves (Lair:2)
  A phantom (D:5)
  3 centaurs
  A boring beetle (D:8)
  2 crocodiles
  Duvessa (D:8)
  4 big kobolds
  3 water moccasins
  Blork the orc (D:8)
  4 agate snails
  A yaktaur skeleton (D:12)
  A cyclops zombie (D:15)
  5 giant frogs
  2 eyes of draining
  A killer bee (D:12)
  2 hippogriff zombies
  4 wights (D:13)
  Dowan (D:8)
  3 goliath beetles
  4 crimson imps
  4 hounds
  2 giant frog zombies (D:12)
  7 orc priests
  3 jellies
  A two-headed ogre skeleton (D:12)
  A scorpion (D:6)
  8 orc wizards
  7 worker ants
  4 iguanas
  A killer bee zombie (D:13)
  3 sheep
  An ogre skeleton (D:4)
  7 adders
  44 green rats
  A giant mite (D:4)
  An adder zombie (D:6)
  A grey rat (D:7)
  An iguana skeleton (D:9)
  31 orcs
  11 bats
  3 giant cockroaches
  2 goblins
  2 hobgoblins
  16 jackals
  9 kobolds
  4 quokkas
  2 giant geckos
  13 rats
  A rat skeleton (D:4)
362 creatures vanquished.

Vanquished Creatures (collateral kills)
  A hydra (D:8)
  A manticore (D:16)
  4 wights (D:16)
6 creatures vanquished.

Vanquished Creatures (others)
  A smoke demon (D:14)
  A spider (Lair:8)
  An adder (Lair:8)
3 creatures vanquished.

Grand Total: 371 creatures vanquished

Notes
Turn   | Place    | Note
--------------------------------------------------------------
     0 | D:1      | 4tharraofdagon, the Troll Monk, began the quest for the Orb.
     0 | D:1      | Reached XP level 1. HP: 20/20 MP: 0/0
   220 | D:4      | Reached XP level 2. HP: 15/28 MP: 0/0
   279 | D:4      | Found Egamnil's Food Emporium.
   331 | D:4      | Found Sefinide's Magic Scroll Shoppe.
   338 | D:4      | Bought a scroll of identify for 22 gold pieces
   338 | D:4      | Bought a scroll of magic mapping for 38 gold pieces
   338 | D:4      | Bought a scroll of identify for 22 gold pieces
   338 | D:4      | Bought a scroll of teleportation for 33 gold pieces
   349 | D:4      | Noticed a hound
   357 | D:4      | Killed a hound
   357 | D:4      | Reached skill level 5 in Unarmed Combat
   357 | D:4      | Reached XP level 3. HP: 35/35 MP: 1/1
   367 | D:4      | Noticed an orc wizard
   368 | D:4      | Noticed an orc wizard
   391 | D:4      | Bought a scroll of identify for 22 gold pieces
   454 | D:4      | Noticed a worker ant
   458 | D:4      | Killed a worker ant
   458 | D:4      | Reached XP level 4. HP: 40/44 MP: 1/1
   539 | D:4      | Found Muicsairr's Distillery.
   547 | D:4      | Bought a potion of heal wounds for 33 gold pieces
   556 | D:4      | Found a sparkling altar of Nemelex Xobeh.
   593 | D:3      | Noticed an orc wizard
   623 | D:3      | Killed an orc wizard
   623 | D:3      | Reached skill level 6 in Unarmed Combat
   669 | D:4      | Noticed an ogre
   679 | D:4      | Killed an ogre
   679 | D:4      | Reached XP level 5. HP: 44/50 MP: 1/1
   682 | D:4      | Found an ancient bone altar of Kikubaaqudgha.
   695 | D:5      | Entered Level 5 of the Dungeon
   803 | D:7      | Noticed an ogre
   807 | D:7      | Killed an ogre
   807 | D:7      | Reached skill level 7 in Unarmed Combat
   807 | D:7      | Reached XP level 6. HP: 58/58 MP: 2/2
   885 | D:7      | Noticed an orc warrior
   899 | D:7      | Killed an orc warrior
   899 | D:7      | Reached skill level 8 in Unarmed Combat
   918 | D:7      | Reached XP level 7. HP: 64/66 MP: 2/2
   923 | D:7      | Found a staircase to the Ecumenical Temple.
   932 | Temple   | Entered the Ecumenical Temple
   954 | Temple   | Became a worshipper of Makhleb the Destroyer
   954 | Temple   | Acquired Makhleb's first power
   954 | Temple   | Acquired Makhleb's second power
   986 | D:6      | Noticed an ogre
  1007 | D:6      | Killed an ogre
  1025 | D:6      | Reached skill level 9 in Unarmed Combat
  1102 | D:5      | Noticed a phantom
  1111 | D:5      | Killed a phantom
  1164 | D:7      | Reached skill level 1 in Invocations
  1164 | D:7      | Reached skill level 1 in Evocations
  1174 | D:8      | Found a shattered altar of Ashenzari.
  1176 | D:8      | Noticed Duvessa
  1176 | D:8      | Noticed Dowan
  1200 | D:8      | Killed Duvessa
  1205 | D:8      | Killed Dowan
  1258 | D:8      | Noticed Blork the orc
  1274 | D:8      | Killed Blork the orc
  1274 | D:8      | Reached XP level 8. HP: 59/74 MP: 3/4
  1311 | D:8      | timbw: no cleave :<
  1418 | D:9      | Noticed a troll
  1424 | D:9      | Killed a troll
  1424 | D:9      | Reached skill level 10 in Unarmed Combat
  1466 | D:10     | Entered Level 10 of the Dungeon
  1603 | D:11     | Reached XP level 9. HP: 51/80 MP: 8/8
  1614 | D:11     | Reached skill level 11 in Unarmed Combat
  1743 | D:11     | Acquired Makhleb's third power
  1816 | D:10     | Gained mutation: Your mind is acute. (Int +2) [mutagenic meat]
  1817 | D:10     | Gained mutation: Your vision is a little blurry. [mutagenic meat]
  1840 | D:10     | Reached skill level 12 in Unarmed Combat
  1978 | D:8      | Noticed a yak
  1978 | D:8      | Noticed a yak
  2002 | D:8      | Killed a yak
  2008 | D:8      | Killed a yak
  2067 | D:8      | Noticed a two-headed hydra
  2070 | D:8      | Reached XP level 10. HP: 89/89 MP: 10/10
  2074 | D:8      | Killed a two-headed hydra
  2074 | D:8      | Reached skill level 13 in Unarmed Combat
  2328 | D:4      | Noticed an orc priest
  2332 | D:4      | Killed an orc priest
  2335 | D:4      | Killed an orc wizard
  2339 | D:4      | Killed an orc wizard
  2365 | D:4      | Noticed an ogre
  2370 | D:4      | Killed an ogre
  2389 | D:4      | Bought a potion of might for 27 gold pieces
  2389 | D:4      | Bought 2 potions of curing for 44 gold pieces
  2389 | D:4      | Bought a potion of speed for 60 gold pieces
  2390 | D:4      | Bought a potion of degeneration for 22 gold pieces
  2435 | D:6      | Found a snail-covered altar of Cheibriados.
  2593 | D:8      | Acquired Makhleb's fourth power
  2859 | D:12     | Noticed Nessos
  2859 | D:12     | Noticed Erolcha
  2861 | D:12     | Noticed Grum
  2865 | D:11     | Malachi: nice set
  2912 | D:11     | Noticed Vidiiot's ghost (experienced KoAs)
  2925 | D:11     | Killed Vidiiot's ghost
  3008 | D:11     | Noticed a troll
  3014 | D:11     | Killed a troll
  3307 | D:13     | Reached skill level 14 in Unarmed Combat
  3420 | D:13     | Killed Grum
  3713 | D:13     | Reached XP level 11. HP: 69/98 MP: 10/10
  3736 | D:13     | Noticed a centaur warrior
  3746 | D:13     | Killed a centaur warrior
  3828 | D:14     | Learned a level 2 spell: Repel Missiles
  3831 | D:14     | Learned a level 2 spell: Blink
  3867 | D:14     | Noticed a centaur warrior
  3868 | D:14     | Noticed a centaur warrior
  3877 | D:14     | Killed a centaur warrior
  3877 | D:14     | Reached skill level 15 in Unarmed Combat
  3880 | D:14     | Killed a centaur warrior
  3880 | D:14     | Reached skill level 5 in Fighting
  3880 | D:14     | Reached skill level 1 in Spellcasting
  3901 | D:14     | Found a labyrinth entrance.
  3910 | Lab      | Entered a labyrinth
  4033 | Lab      | Noticed a minotaur
  4040 | Lab      | Killed a minotaur
  4045 | Lab      | Got an iridescent bardiche
  4045 | Lab      | Got a vibrating glass ring
  4052 | D:14     | Identified the ring of Tuhyuz Mot {+Fly Dam+5} (You found it in a labyrinth)
  4120 | D:14     | Acquired Makhleb's fifth power
  4192 | D:15     | Entered Level 15 of the Dungeon
  4266 | D:15     | Gained mutation: You are agile. (Dex +2) [mutagenic meat]
  4267 | D:15     | Gained mutation: Your digestive system is specialised to digest meat. [mutagenic meat]
  4268 | D:15     | Gained mutation: Your digestive system is highly specialised to digest meat. [mutagenic meat]
  4277 | D:15     | Identified the +6,+5 bardiche of Amorality {freeze, +Fly rF+ SInv} (You found it in a labyrinth)
  4277 | D:15     | Identified the +6,+5 bardiche of Amorality {freeze, +Fly rF+ SInv} (You found it in a labyrinth)
  4309 | D:15     | Bloax: that's a good bardiche
  4416 | D:15     | Noticed a hill giant
  4422 | D:15     | Killed a hill giant
  4434 | D:16     | Entered Level 16 of the Dungeon
  4434 | D:16     | Noticed Nergalle
  4439 | D:16     | Killed Nergalle
  4561 | D:14     | Paralysed by a red wasp for 3 turns
  4572 | D:14     | Reached XP level 12. HP: 42/111 MP: 12/12
  4745 | D:12     | Noticed Urug
  4777 | D:12     | Killed Urug
  4777 | D:12     | Reached skill level 16 in Unarmed Combat
  4797 | D:12     | Found a deep blue altar of Sif Muna.
  4797 | D:12     | Found a shattered altar of Ashenzari.
  4821 | D:12     | Noticed a griffon
  4831 | D:12     | Killed a griffon
  4880 | D:12     | Noticed a centaur warrior
  4884 | D:12     | Killed a centaur warrior
  5337 | D:8      | Found a staircase to the Lair.
  5363 | Lair:1   | Entered Level 1 of the Lair of Beasts
  5432 | Lair:2   | Found an iron altar of Okawaru.
  5694 | Lair:4   | Noticed Erica
  5722 | Lair:4   | Killed Erica
  5959 | Lair:4   | Found a white marble altar of Elyvilon.
  5983 | Lair:4   | Got a dazzling flail
  6002 | Lair:5   | Noticed an eight-headed hydra
  6296 | Lair:7   | Reached skill level 17 in Unarmed Combat
  6296 | Lair:7   | Reached skill level 1 in Translocations
  6313 | Lair:8   | Entered Level 8 of the Lair of Beasts
  6388 | Lair:8   | Reached XP level 13. HP: 95/122 MP: 17/17
  6551 | Lair:8   | Noticed a four-headed hydra
  6586 | Lair:8   | a four-headed hydra changed into a griffon
  6723 | Lair:8   | Noticed a five-headed hydra
  6736 | Lair:8   | Found a burning altar of Makhleb.
  6784 | Lair:8   | timbw: lol
  6791 | Lair:8   | timbw: ai bugged out so badly
  6791 | Lair:8   | timbw: cause of that tree
  6795 | Lair:8   | Slain by a sun demon

Action                   |  1- 3 |  4- 6 |  7- 9 | 10-12 | 13-15 || total
-------------------------+-------+-------+-------+-------+-------++-------
Melee: Unarmed           |    20 |    69 |   196 |   598 |    75 ||   958
Throw: Dart              |       |     2 |     5 |       |       ||     7
       Large rock        |       |       |       |     1 |       ||     1
Invok: Lesser Servant of |       |       |     1 |     1 |     2 ||     4
       Greater Servant o |       |       |       |     1 |       ||     1
Evoke: Wand              |       |       |     2 |    10 |     1 ||    13
       sack of spiders   |       |       |       |       |     1 ||     1
  Use: Potion            |     1 |       |       |     7 |       ||     8
       Scroll            |     1 |       |     5 |    25 |     1 ||    32
 Stab: Sleeping          |     1 |     1 |     2 |     2 |       ||     6
       Distracted        |       |       |       |     2 |     1 ||     3
